AoeStats
← DifferentPerson

Golden Pit

509479365Analyzed
1v1 RM · 4d ago on Sep 26, 2026· 44m 47s· 2 players
Game mode
Random Map
Map size
Tiny (2 player)
Population
200
Speed
Normal
Resources
Standard
Victory
Conquest
Starting age
Dark Age
Ending age
Imperial Age
RankedLock teamsTeams togetherTeam positionsShared explorationLock speedFull tech treeHidden civsTurbo modeCheats
Victory
Defeat
🇳🇴 Teutons · Norway
1013
+15
🇬🇧 Aztecs · United Kingdom
1001
-15
DifferentPerson
7:39 Loom
10:58 Feudal Age
11:55 Double-Bit Axe
12:04 Gold Mining
15:50 Fletching
16:02 Scale Mail Armor
24:20 Castle Age
24:44 Pikeman
26:09 Squires
29:09 Crossbowman
41:06 Wheelbarrow
44:26 Bodkin Arrow
▬ι ﺤ | s_ry1
11:46 Feudal Age
11:21 Loom
12:51 Double-Bit Axe
13:26 Scale Barding Armor
13:34 Forging
13:49 Bloodlines
14:11 Horse Collar
17:58 Man-at-Arms
26:19 Castle Age
24:27 Gold Mining
24:31 Stone Mining
29:01 Chain Barding Armor
32:49 Iron Casting
35:30 Wheelbarrow
38:24 Imperial Age
35:47 Town Watch
38:17 Scale Mail Armor
40:42 Conscription
41:30 Chemistry
41:03 Fletching
41:31 Chain Mail Armor
41:44 Hand Cart
44:33 Blast Furnace
44:10 Squires
44:44 Plate Mail Armor
Connection lost

Rejoining the realm…

Still unreachable

The connection could not be restored.

Session expired

The server has moved on; the page needs a fresh start.